 Dungeon Crawl Stone Soup version 0.28.0-55-gcd9437bce4 (webtiles) character file.

Game seed: 10090651951056389421

4074 cbfl8 the Cleaver (level 10, -4/133 HPs)
             Began as a Minotaur Berserker on Dec 1, 2022.
             Was a Priest of Trog.
             Slain by a 14-headed hydra (7 damage)
             ... on level 8 of the Dungeon.
             The game lasted 00:08:30 (9317 turns).

cbfl8 the Cleaver (Minotaur Berserker)              Turns: 9317, Time: 00:08:32

Health: -4/133     AC: 10    Str: 22    XL:     10   Next: 5%
Magic:  9/9        EV:  8    Int:  4    God:    Trog [***...]
Gold:   358        SH:  8    Dex: 14    Spells: 9/9 levels left

rFire   . . .      SeeInvis .   u - +0 war axe
rCold   . . .      Faith    .   t - +0 kite shield
rNeg    + . .      Spirit   .   p - +0 chain mail
rPois   .          Reflect  .   o - +0 hat
rElec   .          Harm     .   (no cloak)
rCorr   .          Rampage  .   (no gloves)
Will    .....                   (no boots)
Stlth   ..........              (no amulet)
HPRegen 0.32/turn               j - ring of positive energy
MPRegen 0.11/turn               f - ring of flight

@: berserking, flying, very quick
A: horns 2, retaliatory headbutt
a: Renounce Religion, Berserk, Trog's Hand


You were on level 8 of the Dungeon.
You worshipped Trog.
Trog was most pleased with you.
You visited 1 branch of the dungeon, and saw 8 of its levels.

You collected 358 gold pieces.

Inventory:

Hand Weapons
 u - a +0 war axe (weapon)
Armour
 o - a +0 hat (worn)
 p - a +0 chain mail (worn)
 t - a +0 kite shield (worn)
Jewellery
 f - a ring of flight (right hand)
 j - a ring of positive energy (left hand)
 y - an amulet of guardian spirit
Wands
 m - a wand of charming (2) (quivered)
 s - a wand of flame (71)
 w - a wand of mindburst (23)
Scrolls
 a - a scroll of acquirement
 b - 2 scrolls of silence
 c - 2 scrolls of fog
 d - a scroll of teleportation
 e - a scroll of holy word
 g - 4 scrolls of immolation
 h - a scroll of noise
 i - 2 scrolls of vulnerability {unknown}
 q - a scroll of enchant weapon {unknown}
Potions
 k - a potion of brilliance {unknown}
 l - 2 potions of curing {unknown}
 n - a potion of invisibility {unknown}
 r - 2 potions of ambrosia {unknown}
 v - 2 potions of flight {unknown}
 x - a potion of mutation {unknown}
 z - a potion of heal wounds {unknown}


   Skills:
 * Level 8.3 Fighting
 * Level 11.5 Axes
 + Level 6.6 Armour
 * Level 6.3 Dodging
 + Level 1.3 Stealth
 + Level 2.1 Shields
 * Level 4.1 Evocations


You had 9 spell levels left.
You didn't know any spells.
Your spell library was empty.

Dungeon Overview and Level Annotations

Branches:
Dungeon (8/15)             Temple (0/1) D:7
   Lair: D:8-11

Altars:
Cheibriados
Elyvilon
Gozag
Nemelex Xobeh
Sif Muna
Vehumet
Yredelemnul
Zin

Annotations:
D:4 1 runed translucent door, bronco's ghost, amateur BaWr


Innate Abilities, Weirdness & Mutations

You have a pair of horns on your head.
You reflexively headbutt those who attack you in melee.


Message History

The 11-headed hydra bites you. You block the 11-headed hydra's attack.
The 11-headed hydra closely misses you. x2
You block the 11-headed hydra's attack.
You slice one of the 11-headed hydra's heads off!
The ten-headed hydra grows two more!
You hit the 12-headed hydra.
The 12-headed hydra is moderately wounded.
You lop one of the 12-headed hydra's heads off!
The 11-headed hydra grows two more!
You slash the 13-headed hydra!
Your headbutt misses the 13-headed hydra.
The 13-headed hydra is moderately wounded.
The 13-headed hydra barely misses you. You furiously retaliate!
You headbutt the 13-headed hydra. The 13-headed hydra bites you. x2
You block the 13-headed hydra's attack. The 13-headed hydra bites you!
The 13-headed hydra bites you. You block the 13-headed hydra's attack.
The 13-headed hydra bites you.
The 13-headed hydra bites you but does no damage. x2
The 13-headed hydra bites you!
The 13-headed hydra bites you but does no damage.
The 13-headed hydra bites you!
* * * LOW HITPOINT WARNING * * *
You slice one of the 13-headed hydra's heads off!
The 12-headed hydra grows two more!
You slash the 14-headed hydra!
The 14-headed hydra is moderately wounded.
The 14-headed hydra bites you!
* * * LOW HITPOINT WARNING * * *
The 14-headed hydra completely misses you.
The 14-headed hydra closely misses you.
The 14-headed hydra bites you but does no damage.
The 14-headed hydra bites you.
* * * LOW HITPOINT WARNING * * *
The 14-headed hydra bites you.
* * * LOW HITPOINT WARNING * * *
The 14-headed hydra bites you!
* * * LOW HITPOINT WARNING * * *
You block the 14-headed hydra's attack. The 14-headed hydra bites you!
* * * LOW HITPOINT WARNING * * *
The 14-headed hydra bites you but does no damage.
You block the 14-headed hydra's attack. The 14-headed hydra barely misses you.
The 14-headed hydra bites you!
You die...

.................?........#
..............<...........#
..............................
#####..........................
#.....................Z....
#......................zz..
#.........................!
#...........D<.............
#....#####..@....... #...##
##......... #..# ##........ ..
#........ #........ #........
#........ .........


You could see a 14-headed hydra.

Vanquished Creatures
  A two-headed ogre (D:6)
  Prince Ribbit (D:6)
  A wyvern (D:5)
  Eustachio (D:5)
  Edmund (D:5)
  Menkaure (D:5)
  2 water moccasins
  2 necrophages (D:6)
  2 sky beasts
  2 ice beasts
  A black bear (D:5)
  A centaur (D:6)
  2 ogres (D:7)
  2 bullfrogs
  4 scorpions
  A wyvern skeleton (D:7)
  2 water moccasin skeletons
  3 wights (D:8)
  2 centaur zombies (D:5)
  2 bullfrog zombies
  2 orc priests (D:4)
  2 jellies
  A gnoll shaman (D:4)
  6 hounds
  3 iguanas
  4 orc wizards
  2 bullfrog skeletons
  Ijyb (D:5)
  A scorpion zombie (D:5)
  A hound skeleton (D:4)
  4 gnolls (D:4)
  7 adders
  4 shadow imps
  An ufetubus (D:4)
  2 dart slugs
  13 orcs
  12 endoplasms
  6 giant cockroaches
  6 goblins
  5 hobgoblins
  8 jackals
  3 kobolds
  5 quokkas
  10 ball pythons
  5 bats
  A frilled lizard (D:3)
  5 rats
154 creatures vanquished.

Vanquished Creatures (collateral kills)
  A centaur zombie (D:8)
1 creature vanquished.

Grand Total: 155 creatures vanquished

Notes
Turn   | Place    | Note
-------+----------+-------------------------------------------
     0 | D:1      | cbfl8 the Minotaur Berserker began the quest for the Orb.
     0 | D:1      | Reached XP level 1. HP: 19/19 MP: 0/0
   159 | D:1      | Reached skill level 4 in Axes
   162 | D:1      | Reached XP level 2. HP: 14/27 MP: 1/1
   925 | D:1      | Found a faded altar of an unknown god.
   925 | D:1      | Noticed a hell beast
  1128 | D:1      | Reached XP level 3. HP: 33/33 MP: 2/2
  1418 | D:2      | Reached ** piety under Trog
  1771 | D:2      | Reached XP level 4. HP: 31/41 MP: 3/3
  2012 | D:3      | Reached skill level 5 in Axes
  2106 | D:3      | Reached skill level 1 in Evocations
  2445 | D:3      | Reached XP level 5. HP: 44/47 MP: 4/4
  2496 | D:3      | Found a white marble altar of Elyvilon.
  2791 | D:3      | Found a radiant altar of Vehumet.
  2863 | D:3      | Found an opulent altar of Gozag.
  2948 | D:3      | Found a basalt altar of Yredelemnul.
  3334 | D:4      | Found a runed translucent door.
  3337 | D:4      | Noticed bronco's ghost (amateur BaWr)
  3359 | D:4      | Reached skill level 6 in Axes
  3359 | D:4      | Reached XP level 6. HP: 55/55 MP: 5/5
  3376 | D:4      | Reached skill level 5 in Fighting
  3566 | D:4      | Found a glowing silver altar of Zin.
  3753 | D:4      | Reached skill level 7 in Axes
  3753 | D:4      | Reached XP level 7. HP: 34/61 MP: 6/6
  4381 | D:5      | Entered Level 5 of the Dungeon
  4465 | D:5      | Noticed Eustachio
  4479 | D:5      | Killed Eustachio
  4517 | D:5      | Noticed a wyvern
  4519 | D:5      | Noticed Edmund
  4527 | D:5      | Killed a wyvern
  4528 | D:5      | Reached skill level 8 in Axes
  4531 | D:5      | Killed Edmund
  4532 | D:5      | Reached XP level 8. HP: 66/70 MP: 7/7
  4771 | D:5      | Reached skill level 1 in Stealth
  4971 | D:5      | Reached skill level 5 in Armour
  5276 | D:5      | Found a shimmering blue altar of Sif Muna.
  5362 | D:5      | Reached *** piety under Trog
  5363 | D:5      | Reached skill level 9 in Axes
  5386 | D:5      | Noticed Ijyb
  5395 | D:5      | Killed Ijyb
  5395 | D:5      | Noticed Menkaure
  5402 | D:5      | Killed Menkaure
  5928 | D:5      | Reached skill level 5 in Dodging
  6005 | D:5      | Identified a scroll of acquirement
  6392 | D:6      | Reached XP level 9. HP: 61/79 MP: 8/8
  6499 | D:6      | Noticed Prince Ribbit
  6514 | D:6      | Killed Prince Ribbit
  6950 | D:6      | Noticed a two-headed ogre
  6956 | D:6      | Killed a two-headed ogre
  6957 | D:6      | Reached skill level 10 in Axes
  6957 | D:6      | Reached skill level 1 in Shields
  7020 | D:6      | Found a snail-covered altar of Cheibriados.
  7776 | D:7      | Found a staircase to the Ecumenical Temple.
  7894 | D:7      | Reached skill level 11 in Axes
  8226 | D:7      | Found a sparkling altar of Nemelex Xobeh.
  8388 | D:7      | Reached XP level 10. HP: 16/89 MP: 9/9
  8881 | D:8      | Noticed a seven-headed hydra
  9317 | D:8      | HP: 3/133 [14-headed hydra (8)]
  9317 | D:8      | Slain by a 14-headed hydra

Illustrated notes

Levels and vault maps discovered:
D:1:      minmay_arrival_doors, layout_basic,
          dreamdust_ecumenical_altar_sealed_demon
D:2:      layout_basic
D:3:      layout_loops_ring, kennysheep_ying_yang, marbit_many_paths,
          nicolae_gozag_cash_rules_everything_around_me
D:4:      layout_loops_ring, mainiacjoe_overflow_surrounded_room,
          hellmonk_ghost_happy_afterlife
D:5:      layout_cave_pools, nicolae_overflow_hidden_temple, uniq_ijyb,
          uniq_eustachio, uniq_menkaure, uniq_edmund
D:6:      layout_cave_pools, kennysheep_small_circle, uniq_prince_ribbit1
D:7:      layout_rooms, nemelex_dance_club_becter, minmay_temple_entry_junction,
          skrybe_limestone_x
D:8:      layout_basic, nicolae_uskayaw_dance_studio,
          mainiacjoe_overflow_24_doors, kennysheep_little_box,
          gammafunk_ghost_ooze

Skill      XL: |  1  2  3  4  5  6  7  8  9 |
---------------+----------------------------+-----
Axes           | 4 5 6 7 8 9 11 | 11.5
Fighting       | 4 5 6 7 8 |  8.3
Evocations     | 1 2 3 4 |  4.1
Dodging        | 3 4 5 6 |  6.3
Armour         | 3 4 5 6 |  6.6
Stealth        | 1 |  1.3
Shields        | 2 |  2.1

Action                   |  1- 3 |  4- 6 |  7- 9 | 10-12 || total
-------------------------+-------+-------+-------+-------++-------
Melee: Hand axe          |    78 |   112 |    81 |       ||   271
       Headbutt          |    16 |    27 |    55 |     5 ||   103
       Punch             |     1 |       |     1 |       ||     2
       War axe           |       |       |   128 |    20 ||   148
Invok: Berserk           |       |     2 |     4 |     1 ||     7
Evoke: Wand              |       |       |       |     2 ||     2
  Use: Scroll            |       |       |     8 |     2 ||    10
 Stab: Distracted        |     1 |       |       |       ||     1
Armor: Animal skin       |    14 |       |       |       ||    14
       Scale mail        |       |    25 |       |       ||    25
       Chain mail        |       |     4 |   127 |    18 ||   149
Dodge: Dodged            |    61 |    61 |    97 |    20 ||   239
Block: Kite shield       |       |       |    58 |    17 ||    75
